 Dungeon Sprint DCSS version 0.31-a0-632-g766dd24fdf (webtiles) character file.

Game seed: 6493736496127238688

26 sircluck the Ruffian (level 2, -4/25 HPs)
             Began as a Demigod Shapeshifter on Aug 25, 2023.
             Slain by an ogre
             ... wielding a +0 giant spiked club
              (29 damage)
             ... in the Dungeon (Sprint I: "Red Sonja").
             The game lasted 00:00:28 (45 turns).

sircluck the Ruffian (Demigod Shapeshifter)           Turns: 45, Time: 00:00:28

Health: -4/25      AC:  6    Str: 16    XL:     2   Next: 69%
Magic:  4/4        EV: 12    Int: 10    God:
Gold:   0          SH:  0    Dex: 14    Spells: 1/1 levels left

rFire   . .          .
                       - Unarmed
rCold   + . .        (no shield)
rNeg    . . .        m - +3 leather armour {rC+}
rPois   .            (helmet currently unavailable)
rElec   .            (cloak currently unavailable)
rCorr   .            (gloves currently unavailable)
SInv    .            (boots currently unavailable)
Will    .....        (no amulet)
Stlth   +            (no ring)
HPRegen 0.24/turn    (no ring)
MPRegen 0.09/turn

%: no teleportation
@: beast-form
A: beast (slay +2), high MP 1, forlorn, divine attributes
a: Begin Untransformation


You were in the Dungeon.
You were a hulking beast.
You visited 1 branch

Inventory:

Hand Weapons
 l - a +0 dagger of pain
Armour
 a - a +0 animal skin
 m - a +3 leather armour of cold resistance (worn)
Talismans
 c - a beast talisman (active)
 d - a flux talisman
Wands
 k - a wand of polymorph (13)
Scrolls
 j - a scroll of blinking
Potions
 b - a potion of lignification
 e - a potion of curing
 f - a potion of heal wounds
 g - a potion of haste
 h - 2 potions of magic
 i - a potion of berserk rage


   Skills:
 + Level 2.6 Fighting
 + Level 3.1 Dodging
 + Level 3.7 Unarmed Combat
 + Level 3.6 Shapeshifting


You had one spell level left.
You didn't know any spells.
Your spell library was empty.

Dungeon Overview and Level Annotations

Branches:
Dungeon (1/1)


Innate Abilities, Weirdness & Mutations

You are a hulking beast.
Your limbs bulge with bestial killing power. (Slay +2)
You have an increased reservoir of magic. (+10% MP)
You shall have no god before yourself.
Your divine heritage dramatically boosts your attributes as you level up.


Message History

You smack Ijyb!
Ijyb is severely wounded.
Ijyb hits you but does no damage.
You writhe in agony.
You smack Ijyb!
You kill Ijyb!
Your Fighting skill gained 2 levels and is now at level 2!
Your Dodging skill gained 2 levels and is now at level 3!
Your Unarmed Combat skill increases to level 3!
Your Shapeshifting skill increases to level 3!
You have reached level 2!
You cannot move.
You cannot move.
Unknown command.
Unknown command.
Your transformation is almost over.
You cannot move.
You start resting.
You feel less wooden.
Your +0 animal skin unmelds from your body.
You turn into a hulking beast.
k - a wand of polymorph (13)
Things that are here:
a +0 dagger of pain; a +3 leather armour of cold resistance
l - a +0 dagger of pain
m - a +3 leather armour of cold resistance You start removing your armour.
You continue taking off your +0 animal skin. x4
You finish taking off your +0 animal skin.
You start putting on your armour.
You continue putting on your +3 leather armour of cold resistance. x5
You finish putting on your +3 leather armour of cold resistance.
You feel resistant to cold.
You open the door.
An ogre comes into view. It is wielding a +0 giant spiked club.
The ogre shouts!
There is an open door here.
You barely miss the ogre.
The ogre hits you with a +0 giant spiked club!!
Ouch! That really hurt!
You die...

##########
#<.#..hO.#
#..'..#..+
#..#####+#
#..# #..#
#..# #⌠⌠#
####


You could see an ogre.

Vanquished Creatures
  Ijyb (D)
1 creature vanquished.

Notes
Turn   | Place    | Note
-------+----------+-------------------------------------------
     0 | D        | sircluck the Demigod Shapeshifter began the quest for the
                  | Orb.
     0 | D        | Reached XP level 1. HP: 15/15 MP: 3/3
     2 | D        | Noticed Ijyb
     8 | D        | Killed Ijyb
     9 | D        | Reached XP level 2. HP: 25/25 MP: 4/4
    43 | D        | Noticed an ogre
    45 | D        | Slain by an ogre

Illustrated notes

Levels and vault maps discovered:
D:        dungeon_sprint_1 [red_sonja_temple_1, red_sonja_temple_small_1]

Skill      XL: |  1 |
---------------+----+-----
Fighting       | 2 |  2.6
Dodging        | 3 |  3.1
Unarmed Combat | 3 |  3.7
Shapeshifting  | 3 |  3.6

Action                     || total
---------------------------++-------
  Melee: Unarmed           ||     6
 Armour: Skin              ||     2

Table legend: (Time is in decaauts)
 A = Elapsed time spent in this place.
 B = Non-inter-level travel time spent in this place.
 C = Inter-level travel time spent in this place.
 D = Time resting spent in this place.
 E = Time spent auto-exploring this place.
 F = Levels seen in this place.
 G = Mean time per level.
                   A        B        C        D        E       F      G
               +--------+--------+--------+--------+--------+-----+--------+
         Total |     44 |     44 |      0 |      8 |      0 |   1 |   44.0 |
       Dungeon |     44 |     44 |      0 |      8 |      0 |   1 |   44.0 |
               +--------+--------+--------+--------+--------+-----+--------+

Top non-repeatable levels by time:
       D: 44 daAuts
